 Dungeon Crawl Stone Soup version 0.19.1 (webtiles) character file.

326 MudBrick the Chopper (level 6, -9/56 HPs)
             Began as a Hill Orc Berserker on Dec 23, 2016.
             Was a Believer of Trog.
             Mangled by an ogre
             ... wielding a +0 giant club
              (15 damage)
             ... on level 5 of the Dungeon.
             The game lasted 01:39:30 (5668 turns).

MudBrick the Chopper (Hill Orc Berserker)           Turns: 5668, Time: 01:39:30

Health: -9/56      AC:  8    Str: 22    XL:     6   Next: 49%
Magic:  6/6        EV: 11    Int:  7    God:    Trog [**....]
Gold:   202        SH:  3    Dex: 10    Spells: 0 memorised, 5 levels left

rFire  . . .     SeeInvis +     a - +0 hand axe {?}
rCold  . . .     Gourm    .     S - +0 ring mail
rNeg   . . .     Faith    +     z - +0 buckler
rPois  .         Spirit   .     (no helmet)
rElec  .         Reflect  .     (no cloak)
rCorr  .         Harm     .     m - +0 pair of gloves
MR     .....                    u - +0 pair of boots
Stlth  +.........               k - amulet of faith
                                v - ring of see invisible
                                A - ring of wizardry

@: no status effects
A: no striking features
a: Berserk, Trog's Hand, Burn Spellbooks, Renounce Religion


You were on level 5 of the Dungeon.
You worshipped Trog.
Trog was pleased with you.
You were not hungry.

You visited 1 branch of the dungeon, and saw 5 of its levels.

You collected 202 gold pieces.

Inventory:

Hand Weapons
 a - a +0 hand axe (weapon) {?}
 e - a +0 whip
 n - a +0 mace
 p - a +2 dagger of speed
 q - a +0 hand axe
 H - a +0 short sword
 Q - a +0 hunting sling
Missiles
 B - 36 arrows
 D - 73 bolts
 N - 4 javelins (quivered)
 V - 12 tomahawks
Armour
 b - a +0 animal skin
 f - a +0 scale mail
 g - a +0 shield
 h - a +0 ring mail
 m - a +0 pair of gloves (worn)
 o - a +0 robe
 s - a +0 robe
 u - a +0 pair of boots (worn)
 z - a +0 buckler (worn)
 J - a +0 scale mail
 L - a +0 ring mail
 O - a +0 leather armour
 S - a +0 ring mail (worn)
Magical Staves
 W - an uncursed staff of wizardry
Jewellery
 k - an amulet of faith (around neck)
 v - a ring of see invisible (right hand)
 A - a ring of wizardry (left hand)
Scrolls
 w - a scroll of identify
 C - 2 scrolls of recharging {unknown}
 G - 3 scrolls of remove curse {unknown}
 I - a scroll of amnesia {unknown}
 M - a scroll of blinking {unknown}
Potions
 d - a potion of experience {unknown}
 i - 2 potions of ambrosia {unknown}
 r - a potion of cure mutation
 t - a potion of berserk rage {unknown}
 x - 2 potions of mutation {unknown}
 E - a potion of haste {unknown}
 F - 2 potions of brilliance {unknown}
 K - 2 potions of invisibility {unknown}
 P - 2 potions of resistance {unknown}
 T - a potion of curing {unknown}
 U - a potion of might {unknown}
 X - 2 potions of heal wounds {unknown}
 Z - 2 potions of agility {unknown}
Books
 Y - a book of Cantrips

   Spells                             Type                      Level
   a - Confusing Touch                Hexes                        1
   b - Animate Skeleton               Necromancy                   1
   c - Summon Small Mammal            Summoning                    1
   d - Apportation                    Translocation                1
   Trog disapproves of the use of such an item.
Comestibles
 c - 4 bread rations
 j - a slice of pizza
 l - a meat ration
 R - 3 fruits


   Skills:
 + Level 5.1 Fighting
 + Level 6.8 Axes
 + Level 3.2 Armour
 + Level 2.6 Dodging
 + Level 0.6 Stealth


You had 5 spell levels left.
You didn't know any spells.

Dungeon Overview and Level Annotations

Branches:
Dungeon (5/15)
 Temple: D:4-7

Altars:
Ashenzari
Dithmenos
Qazlal
Uskayaw
Vehumet
Zin


Message History

You slash the ogre!
The ogre is moderately wounded.
The ogre barely misses you.
You hit the ogre.
The ogre is heavily wounded.
The ogre hits you with a giant club!
You slash the ogre!
The ogre is severely wounded.
You block the ogre's attack.
You hit the ogre.
The ogre is severely wounded.
You hit the ogre.
The ogre is almost dead.
The ogre hits you with a giant club!!
* * * LOW HITPOINT WARNING * * *
The ogre hits you with a giant club!
* * * LOW HITPOINT WARNING * * *
There is a stone staircase leading up here.
The ogre hits you with a giant club!
You die...

#######
#.....#
#O###.###
#@.......
#.###.###
#.# #.#
#.# #.#
#.# ..#


You could see an ogre.

Vanquished Creatures
  A water moccasin skeleton (D:4)
  A howler monkey (D:4)
  A hound (D:4)
  An iguana (D:3)
  A bullfrog skeleton (D:3)
  A worker ant (D:4)
  5 adders
  2 oozes
  3 worms
  4 dart slugs
  A leopard gecko (D:1)
  4 giant cockroaches
  8 goblins
  10 hobgoblins
  3 jackals
  4 quokkas
  5 bats
  4 frilled lizards
  5 kobolds
  6 rats
70 creatures vanquished.

Vanquished Creatures (others)
  A goblin (D:3)
1 creature vanquished.

Grand Total: 71 creatures vanquished

Notes
Turn   | Place    | Note
-------+----------+-------------------------------------------
     0 | D:1      | MudBrick the Hill Orc Berserker began the quest for the Orb.
     0 | D:1      | Reached XP level 1. HP: 19/19 MP: 1/1
   299 | D:1      | Reached XP level 2. HP: 21/27 MP: 2/2
   918 | D:1      | Reached XP level 3. HP: 29/33 MP: 3/3
  1167 | D:1      | Reached ** piety under Trog
  1517 | D:2      | Noticed a hand axe
  1518 | D:2      | Found a hide-covered altar of Uskayaw.
  1519 | D:2      | Noticed a hand axe
  1791 | D:2      | Reached skill level 5 in Axes
  1805 | D:2      | Found a faded altar of an unknown god.
  1841 | D:2      | Reached XP level 4. HP: 36/41 MP: 4/4
  2075 | D:2      | Found a glowing silver altar of Zin.
  2084 | D:2      | Found a radiant altar of Vehumet.
  2759 | D:3      | Found a shattered altar of Ashenzari.
  2951 | D:3      | Found a shadowy altar of Dithmenos.
  2996 | D:3      | Reached XP level 5. HP: 47/47 MP: 5/5
  3095 | D:3      | Reached skill level 6 in Axes
  4056 | D:3      | Found a stormy altar of Qazlal.
  5040 | D:4      | Reached skill level 5 in Fighting
  5040 | D:4      | Reached XP level 6. HP: 56/56 MP: 6/6
  5658 | D:5      | Entered Level 5 of the Dungeon
  5668 | D:5      | Mangled by an ogre

Skill      XL: |  1  2  3  4  5 |
---------------+----------------+-----
Fighting       | 4 5 |  5.1
Dodging        | 2 |  2.6
Axes           | 5 6 |  6.8
Armour         | 3 |  3.2
Stealth        | |  0.6

Action                   |  1- 3 |  4- 6 || total
-------------------------+-------+-------++-------
Melee: Hand axe          |    92 |   171 ||   263
Throw: Stone             |       |     1 ||     1
Invok: Berserk           |     3 |     2 ||     5
       Trog's Hand       |     1 |     2 ||     3
  Use: Scroll            |     2 |     2 ||     4
  Eat: Fruit             |     3 |     2 ||     5
       Meat ration       |     1 |     1 ||     2
       Bread ration      |     1 |     1 ||     2
Armor: Animal skin       |    11 |       ||    11
       Scale mail        |    10 |    11 ||    21
       Robe              |     6 |       ||     6
       Ring mail         |       |    58 ||    58
Dodge: Dodged            |    51 |   104 ||   155
Block: Buckler           |       |    15 ||    15
